[Event "ICC tourney 2556 (25 5)"]
[Site "Internet Chess Club"]
[Date "2021.05.09"]
[Round "7"]
[White "LUO, WESLEY:K05-16424622"]
[Black "CHIRAG SHETTY, TANISH:K05-15984457"]
[Result "1-0"]
[ICCResult "Black checkmated"]
[WhiteElo "1673"]
[BlackElo "1355"]
[Opening "Sicilian: Najdorf, Byrne (English) attack"]
[ECO "B90"]
[NIC "SI.14"]
[Time "15:31:02"]
[PlyCount "97"]
[TimeControl "1500+5"]

1. e4 c5 2. Nf3 d6 3. d4 cxd4 4. Nxd4 Nf6 5. Nc3 a6 6. Be3 e5 7. Nb3 Be7 8.
Bd3 Be6 9. O-O O-O 10. f4 Nc6 11. f5 Bc8 12. Qf3 b5 13. g4 g6 14. g5 Nd7
15. f6 Re8 16. fxe7 Qxe7 17. Nd5 Qd8 18. Qxf7+ Kh8 19. Qf3 Rf8 20. Qg3 Bb7
21. Rxf8+ Qxf8 22. Rf1 Qg7 23. Qf2 Rf8 24. Nf6 Rf7 25. Qh4 Nd8 26. Nd2 Re7
27. Nxd7 Rxd7 28. Qh6 Qxh6 29. gxh6 Rf7 30. Rxf7 Nxf7 31. c4 b4 32. c5 a5
33. Nc4 dxc5 34. Nxa5 Bc8 35. Bxc5 Nxh6 36. Bxb4 Be6 37. Bc4 Bxc4 38. Nxc4
Kg7 39. a4 Kf6 40. a5 Ke6 41. a6 Kd7 42. a7 Kc7 43. a8=Q Kd7 44. Qb7+ Ke6
45. Qc6+ Kf7 46. Nxe5+ Kg7 47. Be7 Kg8 48. Qe8+ Kg7 49. Qf8# { Black
checkmated } 1-0

[Event "ICC tourney 2556 (25 5)"]
[Site "Internet Chess Club"]
[Date "2021.05.09"]
[Round "7"]
[White "LEUNG, DOMINIC:K05-17346830"]
[Black "YEHUDAI, SETH:K05-16472744"]
[Result "0-1"]
[ICCResult "White checkmated"]
[WhiteElo "648"]
[BlackElo "940"]
[Opening "Scandinavian (center counter) defense"]
[ECO "B01"]
[NIC "SD.01"]
[Time "15:30:49"]
[PlyCount "100"]
[TimeControl "1500+5"]

1. e4 d5 2. exd5 Qxd5 3. Nc3 Qa5 4. d3 c6 5. Nf3 Nf6 6. Be3 Bf5 7. Be2 e6
8. O-O Be7 9. a3 O-O 10. b4 Qc7 11. Re1 Nbd7 12. Nd4 Bg6 13. Qd2 Nb6 14.
Bf4 Bd6 15. Bxd6 Qxd6 16. Nf3 Nbd5 17. Nxd5 cxd5 18. c4 d4 19. Qb2 Rfd8 20.
Bd1 Bxd3 21. Bc2 Bxc2 22. Qxc2 Rac8 23. c5 Qd5 24. Qd3 Rd7 25. Rad1 Rcd8
26. Qe4 Nxe4 27. Rd3 Nc3 28. Rc1 Ne2+ 29. Kf1 Nxc1 30. Rd1 Nb3 31. h3 Nxc5
32. bxc5 Qxc5 33. a4 Rd5 34. Kg1 d3 35. Rd2 a6 36. Kf1 b5 37. axb5 axb5 38.
Ke1 b4 39. Rd1 Qc3+ 40. Kf1 b3 41. Nd2 b2 42. Ke1 Rb8 43. Kf1 Qxd2 44. Kg1
Qxd1+ 45. Kh2 Qe2 46. Kg3 b1=Q 47. Kf4 Qc1+ 48. Kg3 Qed2 49. f3 Qce1+ 50.
Kg4 Qg5# { White checkmated } 0-1

[Event "ICC tourney 2556 (25 5)"]
[Site "Internet Chess Club"]
[Date "2021.05.09"]
[Round "7"]
[White "KANCHARLAPALLI, NIYATI:K05-16973271"]
[Black "SRINIVASAN, VISHWATH:K05-16418200"]
[Result "1-0"]
[ICCResult "Black checkmated"]
[WhiteElo "310"]
[BlackElo "731"]
[Opening "Queen's pawn, Mason variation"]
[ECO "D00"]
[NIC "QP.08"]
[Time "15:32:42"]
[PlyCount "93"]
[TimeControl "1500+5"]

1. d4 d5 2. Bf4 Bf5 3. e3 Nf6 4. Nd2 e6 5. Ngf3 Nbd7 6. Be2 c6 7. O-O Be7
8. Bg5 O-O 9. Ne5 h6 10. Nxd7 Nxd7 11. Bxe7 Qxe7 12. Bg4 Bg6 13. Nb3 Qg5
14. f4 Qe7 15. Bh5 Bxh5 16. Qxh5 Nf6 17. Qh4 Qd6 18. Na5 Qb4 19. Nb3 Ne4
20. c3 Qc4 21. Na5 Qa6 22. b4 Nxc3 23. Qe7 Ne2+ 24. Kh1 Rab8 25. Nb3 Rfe8
26. Qd7 Rbd8 27. Qc7 Nc3 28. Qe5 Ne4 29. f5 f6 30. Qf4 Qc4 31. fxe6 Rxe6
32. Nc5 Nxc5 33. bxc5 Rde8 34. Rfe1 Qc3 35. Rac1 Qb2 36. Rb1 Qxa2 37. Rxb7
Rxe3 38. Rxg7+ Kxg7 39. Qg4+ Kh7 40. Qf5+ Kg8 41. Qg6+ Kf8 42. Qxf6+ Kg8
43. Qg6+ Kf8 44. Rf1+ Ke7 45. Rf7+ Kd8 46. Qd6+ Kc8 47. Qc7# { Black
checkmated } 1-0

[Event "ICC tourney 2556 (25 5)"]
[Site "Internet Chess Club"]
[Date "2021.05.09"]
[Round "7"]
[White "VINIAK, SAATVIK:K05-16432705"]
[Black "KEEL, MYLAN:K05-17256996"]
[Result "1-0"]
[ICCResult "Black checkmated"]
[WhiteElo "672"]
[BlackElo "189"]
[Opening "QGA, 4.Nc3"]
[ECO "D24"]
[NIC "QP.08"]
[Time "15:30:55"]
[PlyCount "137"]
[TimeControl "1500+5"]

1. d4 d5 2. c4 Nf6 3. Nf3 dxc4 4. Nc3 Bg4 5. e3 e5 6. Bxc4 Bb4 7. Bd2 e4 8.
Qa4+ Nc6 9. O-O-O exf3 10. gxf3 Bxf3 11. d5 Bxd1 12. Rxd1 O-O 13. dxc6 bxc6
14. Qxb4 Rb8 15. Qc5 Nd7 16. Qxc6 Ne5 17. Qe4 Nxc4 18. Qxc4 Qd6 19. h4 Qb6
20. Na4 Qb7 21. b3 Rfd8 22. Nc5 Qf3 23. Rf1 Rd5 24. Bc3 Rbd8 25. Qb5 Rd1+
26. Rxd1 Qxd1+ 27. Kb2 g6 28. Ne4 f5 29. Qc4+ Kf8 30. Qc5+ Ke8 31. Nf6+ Kf7
32. Qxc7+ Kf8 33. Nxh7+ Ke8 34. Nf6+ Kf8 35. Bb4+ Rd6 36. Bxd6+ Qxd6 37.
Qxd6+ Kf7 38. Nd5 Kg7 39. Qc7+ Kh6 40. Qxa7 Kh5 41. Qh7+ Kg4 42. Nf6+ Kf3
43. a4 Kxf2 44. a5 Kxe3 45. Qxg6 f4 46. Qg1+ Ke2 47. Qg4+ f3 48. Qxf3+ Kxf3
49. a6 Kf4 50. h5 Kf5 51. h6 Kxf6 52. h7 Kg7 53. h8=Q+ Kxh8 54. a7 Kg8 55.
a8=Q+ Kf7 56. b4 Kf6 57. b5 Ke6 58. b6 Kd7 59. b7 Kc7 60. b8=Q+ Kd7 61.
Qaa7+ Ke6 62. Qbb6+ Kd5 63. Qaa5+ Kc4 64. Qbb4+ Kd3 65. Qaa3+ Ke2 66. Ka1
Kd1 67. Qbb2 Ke1 68. Qh3 Kd1 69. Qh1# { Black checkmated } 1-0

[Event "ICC tourney 2556 (25 5)"]
[Site "Internet Chess Club"]
[Date "2021.05.09"]
[Round "7"]
[White "W ZHANG, ETHAN:K05-17088714"]
[Black "REMPE, LENNIK:K05-15868931"]
[Result "1-0"]
[ICCResult "Black resigns"]
[WhiteElo "839"]
[BlackElo "1235"]
[Opening "Two knights defense"]
[ECO "C59"]
[NIC "KP.01"]
[Time "15:30:34"]
[PlyCount "111"]
[TimeControl "1500+5"]

1. e4 e5 2. Nf3 Nc6 3. Bc4 Nf6 4. Ng5 d5 5. exd5 Na5 6. Bb5+ c6 7. dxc6
bxc6 8. Be2 Be7 9. O-O O-O 10. Nc3 Nd5 11. Nxd5 cxd5 12. Nf3 f5 13. d4 e4
14. Ne5 Bd6 15. Bf4 Bxe5 16. Bxe5 Nc6 17. Bb5 Nxe5 18. dxe5 Bb7 19. f4 Qb6+
20. Kh1 Qxb5 21. a4 Qb6 22. Qb1 Qh6 23. a5 Ba6 24. Rf2 Qh4 25. Qe1 Rfe8 26.
Re2 Qh5 27. Rd2 Re6 28. Rxd5 Rh6 29. h3 Bb7 30. Rd7 Bc6 31. Rc7 Bd5 32. Rd1
Rd8 33. c4 e3 34. Rxd5 Rxd5 35. cxd5 e2 36. Rxa7 Qg4 37. Kg1 Qxf4 38. Qxe2
Qd4+ 39. Qf2 Qxd5 40. Qxf5 Qd4+ 41. Qf2 Qd1+ 42. Kh2 Qd5 43. Kg1 Qd1+ 44.
Qf1 Qd4+ 45. Qf2 Qd1+ 46. Kh2 Qd5 47. e6 Qd6+ 48. Kh1 Qd1+ 49. Qg1 Qxg1+
50. Kxg1 Rxe6 51. Ra8+ Kf7 52. a6 Kg6 53. a7 Ra6 54. b4 Ra1+ 55. Kh2 Rb1
56. Rb8 { Black resigns } 1-0

[Event "ICC tourney 2556 (25 5)"]
[Site "Internet Chess Club"]
[Date "2021.05.09"]
[Round "7"]
[White "GUDI, KEERTHANA:K05-16551243"]
[Black "BALAMURUGAN, ABHIJAY:K05-16913354"]
[Result "0-1"]
[ICCResult "White checkmated"]
[WhiteElo "843"]
[BlackElo "1242"]
[Opening "Giuoco Pianissimo: Italian four knights variation"]
[ECO "C50"]
[NIC "IG.02"]
[Time "15:30:49"]
[PlyCount "82"]
[TimeControl "1500+5"]

1. e4 e5 2. Nf3 Nc6 3. Bc4 Bc5 4. Nc3 Nf6 5. d3 O-O 6. Be3 Nd4 7. Nxe5 d6
8. Nf3 Bg4 9. Bxd4 Bxd4 10. h3 Bh5 11. O-O c6 12. Rb1 a5 13. a3 b5 14. Ba2
b4 15. Na4 c5 16. c3 bxc3 17. bxc3 Be5 18. Re1 Rb8 19. d4 cxd4 20. cxd4
Bxf3 21. Qxf3 Bxd4 22. Qd3 Be5 23. Nc3 Qc7 24. Nd5 Nxd5 25. exd5 Qd7 26.
Rxb8 Rxb8 27. Rb1 Rc8 28. Re1 g6 29. Rf1 Rc3 30. Qd2 Rxa3 31. Rb1 Kg7 32.
Bc4 Qa4 33. g3 Ra1 34. Rxa1 Qxa1+ 35. Kg2 a4 36. Qa5 a3 37. h4 Qb2 38. Kf3
Bd4 39. Ke4 f5+ 40. Kf4 Qxf2+ 41. Kg5 Be3# { White checkmated } 0-1

[Event "ICC tourney 2556 (25 5)"]
[Site "Internet Chess Club"]
[Date "2021.05.09"]
[Round "7"]
[White "MADDINENI, SHISHIR:K05-17244051"]
[Black "DOPPALAPUDI, ADITH:K05-16534365"]
[Result "0-1"]
[ICCResult "White checkmated"]
[WhiteElo "470"]
[BlackElo "910"]
[Opening "Four knights: Italian variation"]
[ECO "C47"]
[NIC "KP.06"]
[Time "15:30:45"]
[PlyCount "120"]
[TimeControl "1500+5"]

1. e4 e5 2. Nf3 Nc6 3. Nc3 Nf6 4. Bc4 Nxe4 5. Bd5 Nxc3 6. dxc3 d6 7. Ng5
Be6 8. Bxe6 fxe6 9. Nxe6 Qd7 10. Nxf8 Rxf8 11. O-O O-O-O 12. Bg5 Rde8 13.
Be3 Re6 14. c4 Rg6 15. Qd3 Rf5 16. Rad1 Rh5 17. f3 Qh3 18. Kf2 Qxg2+ 19.
Ke1 Ne7 20. c5 Rxh2 21. Rd2 Qg3+ 22. Bf2 Qh3 23. Rg1 Rxg1+ 24. Bxg1 Rxd2
25. Qxd2 Qxf3 26. cxd6 cxd6 27. Qxd6 Qg3+ 28. Bf2 Qg5 29. Bxa7 Qc1+ 30. Qd1
Qxd1+ 31. Kxd1 h5 32. c4 Kc7 33. Be3 Nf5 34. Bg1 g5 35. Bh2 Kd6 36. Ke2
Nd4+ 37. Kd3 Ke6 38. Ke4 Nc6 39. a3 Na5 40. Kd3 Kf5 41. b4 Nc6 42. b5 e4+
43. Ke3 Ne5 44. Bxe5 Kxe5 45. a4 g4 46. a5 Kd6 47. a6 bxa6 48. bxa6 Kc6 49.
Kxe4 Kb6 50. c5+ Kxa6 51. Kd5 Kb7 52. Kd6 Kc8 53. Kd5 g3 54. Ke4 g2 55. Ke3
g1=Q+ 56. Kf3 Qxc5 57. Kg3 Qf5 58. Kh4 Qg6 59. Kh3 Kd7 60. Kh4 Qg4# { White
checkmated } 0-1

[Event "ICC tourney 2556 (25 5)"]
[Site "Internet Chess Club"]
[Date "2021.05.09"]
[Round "7"]
[White "DESHPANDE, OJAS AMIT:K05-16725875"]
[Black "STEPHEN CAMERON, KYLE:K05-16158046"]
[Result "1-0"]
[ICCResult "Black checkmated"]
[WhiteElo "829"]
[BlackElo "1144"]
[Opening "Scotch gambit"]
[ECO "C44"]
[NIC "SO.06"]
[Time "15:31:23"]
[PlyCount "71"]
[TimeControl "1500+5"]

1. e4 e5 2. Nf3 Nc6 3. d4 exd4 4. Bc4 Bc5 5. c3 dxc3 6. Qd5 Qe7 7. Nxc3 Nf6
8. Qd3 d6 9. O-O Be6 10. Bd5 Bxd5 11. exd5 Nb4 12. Qd2 O-O-O 13. a3 Na6 14.
b4 Bb6 15. Bb2 Ng4 16. Rae1 Qf6 17. Na4 Qg6 18. Nxb6+ axb6 19. Nh4 Qh5 20.
Nf3 f6 21. h3 Nh6 22. Re7 Nf5 23. Ree1 Rdf8 24. Kh2 g5 25. Qd3 g4 26. Ng1
Rhg8 27. Re6 g3+ 28. fxg3 Rxg3 29. Qxf5 Qxf5 30. Rxf5 Rb3 31. Bxf6 Rxa3 32.
Nf3 Nxb4 33. Ng5 h6 34. Nh7 Rf7 35. Re8+ Kd7 36. Rd8# { Black checkmated }
1-0

[Event "ICC tourney 2556 (25 5)"]
[Site "Internet Chess Club"]
[Date "2021.05.09"]
[Round "7"]
[White "LIU, KAYLAH:K05-17154374"]
[Black "KUO, DECLAN:K05-16624125"]
[Result "0-1"]
[ICCResult "White checkmated"]
[WhiteElo "431"]
[BlackElo "852"]
[Opening "Ruy Lopez: Berlin defense, 4.O-O, d6"]
[ECO "C66"]
[NIC "RL.02"]
[Time "15:31:16"]
[PlyCount "46"]
[TimeControl "1500+5"]

1. e4 e5 2. Nf3 Nc6 3. Bb5 d6 4. O-O Nf6 5. Re1 Bd7 6. c3 a6 7. Ba4 Be7 8.
Bb3 O-O 9. Nh4 Ng4 10. Qf3 Bxh4 11. g3 Bf6 12. d3 Qe7 13. Qg2 Be6 14. Bd1
Qd7 15. Qh3 Nxf2 16. Kxf2 Bxh3 17. Nd2 d5 18. Re3 dxe4 19. Rxe4 Qxd3 20.
Re1 Qf5+ 21. Nf3 e4 22. Bc2 Qxf3+ 23. Kg1 Qg2# { White checkmated } 0-1

[Event "ICC tourney 2556 (25 5)"]
[Site "Internet Chess Club"]
[Date "2021.05.09"]
[Round "7"]
[White "BANG, ADITYA:K05-16841804"]
[Black "KAZAN, JUDE:K05-16350155"]
[Result "0-1"]
[ICCResult "White resigns"]
[WhiteElo "1428"]
[BlackElo "1655"]
[Opening "Caro-Kann: Tartakower (fantasy) variation"]
[ECO "B12"]
[NIC "CK.02"]
[Time "15:30:40"]
[PlyCount "38"]
[TimeControl "1500+5"]

1. e4 c6 2. d4 d5 3. f3 dxe4 4. fxe4 e5 5. Nf3 Bg4 6. Bc4 Nd7 7. O-O Ngf6
8. Nc3 exd4 9. Ne2 Bxf3 10. Rxf3 Ne5 11. Bg5 Nxc4 12. Qf1 Ne3 13. Rxe3 dxe3
14. e5 Qd5 15. Bxf6 gxf6 16. Qxf6 Rg8 17. Ng3 e2 18. Kf2 Qd1 19. Rxd1
exd1=Q { White resigns } 0-1

[Event "ICC tourney 2556 (25 5)"]
[Site "Internet Chess Club"]
[Date "2021.05.09"]
[Round "7"]
[White "RATH, RIYAAN:K05-16839392"]
[Black "CHEN, YEWEI:K05-15857340"]
[Result "0-1"]
[ICCResult "White resigns"]
[WhiteElo "605"]
[BlackElo "1051"]
[Opening "Caro-Kann defense"]
[ECO "B10"]
[NIC "CK.01"]
[Time "15:31:11"]
[PlyCount "128"]
[TimeControl "1500+5"]

1. e4 c6 2. Nf3 d5 3. exd5 cxd5 4. Bb5+ Bd7 5. Bxd7+ Qxd7 6. d4 Nc6 7. Nc3
Nf6 8. Bg5 h6 9. Bh4 g5 10. Bg3 Bg7 11. Qd3 e6 12. O-O-O O-O-O 13. Nb5 Ne4
14. Qa3 a6 15. Nc3 Nxg3 16. hxg3 Qc7 17. Kb1 Rhe8 18. Rhe1 f6 19. Na4 e5
20. dxe5 fxe5 21. Nd2 Nd4 22. c3 Nb5 23. Qb3 Kb8 24. Rc1 Qd7 25. c4 dxc4
26. Nxc4 Qd3+ 27. Qxd3 Rxd3 28. Red1 Red8 29. Re1 Re8 30. Rcd1 Rxd1+ 31.
Rxd1 Rc8 32. b3 Nd4 33. Kb2 e4 34. Kb1 b5 35. Nab6 Rc6 36. Nd7+ Kc7 37.
Nce5 Rd6 38. Rc1+ Kb7 39. Nc5+ Kb6 40. Ned7+ Ka7 41. a4 Nxb3 42. Nxb3 Rxd7
43. axb5 axb5 44. Nc5 Rc7 45. Ka2 Kb6 46. Kb3 Rxc5 47. Rxc5 Kxc5 48. g4 Bd4
49. f3 exf3 50. gxf3 b4 51. Kc2 Kc4 52. Kb1 Kc3 53. Kc1 Kc4 54. Kb1 Kb3 55.
Kc1 Ka2 56. Kc2 b3+ 57. Kd3 b2 58. Kxd4 b1=Q 59. Ke5 Qf1 60. Kf5 Qxf3+ 61.
Kg6 Qxg4 62. Kxh6 Qh4+ 63. Kg6 g4 64. Kf5 g3 { White resigns } 0-1

[Event "ICC tourney 2556 (25 5)"]
[Site "Internet Chess Club"]
[Date "2021.05.09"]
[Round "7"]
[White "LUNA, LIAM:K05-16268715"]
[Black "ODOCHA, GABE:K05-16074734"]
[Result "1-0"]
[ICCResult "Black checkmated"]
[WhiteElo "989"]
[BlackElo "728"]
[Opening "Scotch: Lolli variation"]
[ECO "C44"]
[NIC "KP.10"]
[Time "15:42:59"]
[PlyCount "135"]
[TimeControl "1500+5"]

1. e4 e5 2. Nf3 Nc6 3. d4 Nxd4 4. Nxd4 exd4 5. Qxd4 Nf6 6. Nc3 Bd6 7. e5
Qe7 8. Be2 Qxe5 9. Qxe5+ Bxe5 10. O-O d5 11. Re1 Bf5 12. Bd3 Ne4 13. Nxe4
dxe4 14. Bxe4 Be6 15. Bxb7 Rb8 16. Bc6+ Ke7 17. Rxe5 Rb6 18. Bd5 c6 19. Bf3
Rb5 20. Rxb5 cxb5 21. g3 Bh3 22. Bg2 Bg4 23. Bf4 f6 24. Re1+ Kf7 25. Bd5+
Kg6 26. Be4+ Kh5 27. Re3 g5 28. Bd6 Rd8 29. Be7 Rd1+ 30. Kg2 f5 31. Bf3
Bxf3+ 32. Kxf3 g4+ 33. Kf4 Rd4+ 34. Ke5 Rc4 35. Kxf5 Rc7 36. Bf8 Rf7+ 37.
Ke6 Rxf8 38. Re5+ Kg6 39. Rxb5 Rf6+ 40. Kd7 Rf7+ 41. Ke8 Rxf2 42. c4 Rxh2
43. c5 Re2+ 44. Kd8 Re6 45. Rb3 Rf6 46. Rc3 Rf7 47. c6 Kf6 48. c7 Rf8+ 49.
Kd7 Ke5 50. c8=Q Rf7+ 51. Ke8 Kf6 52. Qc6+ Kg7 53. Qe6 Rb7 54. Rd3 h5 55.
Rd7+ Rxd7 56. Kxd7 h4 57. Qxg4+ Kf6 58. Qxh4+ Ke5 59. g4 a5 60. g5 a4 61.
g6 a3 62. bxa3 Kd5 63. Qf4 Kc5 64. Qe4 Kb6 65. Qd5 Ka7 66. Qb5 Ka8 67. Kc7
Ka7 68. Qb7# { Black checkmated } 1-0

[Event "ICC tourney 2556 (25 5)"]
[Site "Internet Chess Club"]
[Date "2021.05.09"]
[Round "7"]
[White "TANN, KEVIN:K05-16685678"]
[Black "WANG, HANBIN:K05-16715670"]
[Result "0-1"]
[ICCResult "White checkmated"]
[WhiteElo "142"]
[BlackElo "1049"]
[Opening "Benko's opening"]
[ECO "A00"]
[NIC "VO.09"]
[Time "15:31:06"]
[PlyCount "126"]
[TimeControl "1500+5"]

1. g3 e5 2. Bg2 Nf6 3. b3 d5 4. Bb2 Nc6 5. e3 Bc5 6. d4 exd4 7. exd4 Bb6 8.
Nf3 O-O 9. O-O Be6 10. Nc3 Qc8 11. Re1 Bh3 12. Ng5 Bxg2 13. Kxg2 h6 14. Nf3
Re8 15. Rxe8+ Qxe8 16. Qd2 Rd8 17. Re1 Qd7 18. Nb1 Re8 19. Rxe8+ Qxe8 20.
Qe3 Qxe3 21. fxe3 Nb4 22. Nc3 Nxc2 23. Nd2 Nxe3+ 24. Kf3 Nc2 25. Nb5 a6 26.
Na3 Nxd4+ 27. Bxd4 Bxd4 28. Nc2 Ba7 29. Ne3 Bxe3 30. Kxe3 Kf8 31. Nf3 Ke7
32. h3 g5 33. Nd4 h5 34. h4 gxh4 35. gxh4 Kd6 36. Nf5+ Ke5 37. Nd4 Ng4+ 38.
Kd3 f5 39. Nf3+ Kf4 40. Nd4 Ne5+ 41. Kc3 Ke4 42. Ne2 f4 43. Kc2 Ke3 44. Nc3
c6 45. Nd1+ Kf3 46. Nb2 Kg4 47. Nd1 Kxh4 48. Nc3 f3 49. Nd1 Kg3 50. Kd2 h4
51. Ne3 Ng4 52. Nf5+ Kh3 53. Ne7 f2 54. Ke2 Kg2 55. Nf5 f1=Q+ 56. Kd2 Qxf5
57. Kc3 Qe4 58. b4 Qc4+ 59. Kb2 Qd3 60. Kc1 Qe2 61. Kb1 h3 62. b5 h2 63.
bxa6 h1=Q# { White checkmated } 0-1

[Event "ICC tourney 2556 (25 5)"]
[Site "Internet Chess Club"]
[Date "2021.05.09"]
[Round "7"]
[White "CHEN, JOCELYN:K05-15671677"]
[Black "MANIKANDAN, SIDDHARTH:K05-15223658"]
[Result "1-0"]
[ICCResult "Black checkmated"]
[WhiteElo "1775"]
[BlackElo "1445"]
[Opening "Ruy Lopez: Berlin defense, 4.O-O, d6"]
[ECO "C66"]
[NIC "RL.07"]
[Time "15:30:25"]
[PlyCount "121"]
[TimeControl "1500+5"]

1. e4 e5 2. Nf3 Nc6 3. Bb5 Nf6 4. O-O d6 5. d4 exd4 6. Nxd4 Bd7 7. Nc3 Nxd4
8. Bxd7+ Qxd7 9. Qxd4 O-O-O 10. Qxa7 Qc6 11. Qa8+ Kd7 12. Qa3 d5 13. exd5
Nxd5 14. Qb3 Kc8 15. Rd1 Nxc3 16. Rxd8+ Kxd8 17. bxc3 Bc5 18. Ba3 Bb6 19.
Qxf7 Qxc3 20. Rd1+ Kc8 21. Qd7+ Kb8 22. Qd3 Qf6 23. Qe2 Qc3 24. Be7 Re8 25.
g3 Qf6 26. Rd8+ Rxd8 27. Bxf6 gxf6 28. Qe6 Rd1+ 29. Kg2 Rd2 30. Qxf6 Rxc2
31. Qh8+ Ka7 32. Qxh7 Rxf2+ 33. Kh3 Rxa2 34. Qd7 c5 35. g4 c4 36. g5 Ra3+
37. Kh4 c3 38. g6 c2 39. Qd2 Ra4+ 40. Kh5 Rc4 41. g7 Rc5+ 42. Kh6 Rc6+ 43.
Kh7 c1=Q 44. Qxc1 Rxc1 45. g8=Q Rc7+ 46. Kh6 Be3+ 47. Kh5 Rc5+ 48. Kh4 Bg5+
49. Qxg5 Rxg5 50. Kxg5 b5 51. Kf4 Ka6 52. h4 Ka5 53. h5 b4 54. h6 b3 55. h7
Ka4 56. h8=Q Ka3 57. Qc3 Ka2 58. Ke3 b2 59. Qa5+ Kb1 60. Kd3 Kc1 61. Qe1# {
Black checkmated } 1-0

[Event "ICC tourney 2556 (25 5)"]
[Site "Internet Chess Club"]
[Date "2021.05.09"]
[Round "7"]
[White "MANTRI, SIDHARTH:K05-16467263"]
[Black "BERTI, ANDREW:K05-16787803"]
[Result "0-1"]
[ICCResult "White checkmated"]
[WhiteElo "901"]
[BlackElo "1222"]
[Opening "Sicilian: Nimzovich-Rubinstein variation"]
[ECO "B29"]
[NIC "SI.43"]
[Time "15:30:47"]
[PlyCount "98"]
[TimeControl "1500+5"]

1. e4 c5 2. Nf3 Nf6 3. Nc3 d5 4. exd5 Nxd5 5. Bb5+ Nc6 6. Bc4 Nf6 7. d3 e6
8. Bg5 Be7 9. O-O O-O 10. Qd2 Bd7 11. Rfe1 Nd4 12. Nxd4 cxd4 13. Ne2 Bc5
14. Ng3 Be7 15. c3 dxc3 16. bxc3 Nd5 17. Bxe7 Nxe7 18. Rab1 Bc6 19. Qe2 Nd5
20. Bxd5 Bxd5 21. c4 Bc6 22. Ne4 Qd7 23. Qg4 f5 24. Nf6+ Rxf6 25. Qg3 Rg6
26. Qe3 Rxg2+ 27. Kf1 Rg6 28. Rb2 Bg2+ 29. Ke2 e5 30. Kd2 Rd8 31. Rb3 e4
32. Qxa7 exd3 33. Rxb7 Qxb7 34. Qxb7 Bxb7 35. Rb1 Be4 36. Rf1 Rb6 37. Rd1
Rb2+ 38. Ke1 d2+ 39. Ke2 Bd3+ 40. Ke3 Bxc4 41. a3 Rc2 42. a4 f4+ 43. Kxf4
Rc1 44. Rxc1 dxc1=Q+ 45. Kg4 Rd4+ 46. Kg3 Qf4+ 47. Kg2 Qg4+ 48. Kh1 Bd5+
49. f3 Bxf3# { White checkmated } 0-1

[Event "ICC tourney 2556 (25 5)"]
[Site "Internet Chess Club"]
[Date "2021.05.09"]
[Round "7"]
[White "NATHA, NIRAV:K05-15969775"]
[Black "ZHANG, SARAH:K05-16865540"]
[Result "1-0"]
[ICCResult "Black resigns"]
[WhiteElo "1463"]
[BlackElo "1087"]
[Opening "Ruy Lopez: Graz variation"]
[ECO "C70"]
[NIC "RL.09"]
[Time "15:31:23"]
[PlyCount "77"]
[TimeControl "1500+5"]

1. e4 e5 2. Nf3 Nc6 3. Bb5 a6 4. Ba4 b5 5. Bb3 Bc5 6. O-O Nf6 7. c3 d6 8.
d4 Bb6 9. h3 h6 10. a4 Bb7 11. Re1 O-O 12. d5 Ne7 13. Nbd2 Ng6 14. Nf1 Bc5
15. Qe2 b4 16. g3 a5 17. Bd2 Ba6 18. Bc4 Qc8 19. Bxa6 Rxa6 20. Kg2 Ra8 21.
cxb4 axb4 22. b3 c6 23. dxc6 Qxc6 24. Rac1 Qb6 25. Rc4 Rfc8 26. Rec1 Rc7
27. Bxb4 Rac8 28. Bxc5 Rxc5 29. Rxc5 Rxc5 30. Rxc5 Qxc5 31. N1d2 Nd7 32.
Qc4 Ne7 33. b4 Qa7 34. a5 Nb8 35. Qd3 Qc7 36. Nc4 Nc8 37. Nh4 g6 38. Ne3
Na6 39. Qxa6 { Black resigns } 1-0

[Event "ICC tourney 2556 (25 5)"]
[Site "Internet Chess Club"]
[Date "2021.05.09"]
[Round "7"]
[White "MARADANA, HARSHA:K05-30024511"]
[Black "BAO, MAXIMILIAN:K05-16427073"]
[Result "1-0"]
[ICCResult "Black forfeits on time"]
[WhiteElo "361"]
[BlackElo "778"]
[Opening "Bishop's opening: Berlin defense"]
[ECO "C24"]
[NIC "IG.04"]
[Time "15:31:03"]
[PlyCount "47"]
[TimeControl "1500+5"]

1. e4 e5 2. Bc4 Nf6 3. d3 Bc5 4. Nf3 O-O 5. Bg5 h6 6. Bxf6 Qxf6 7. O-O Nc6
8. Nc3 Bb4 9. Nd5 Qg6 10. Nxb4 d6 11. Nxc6 bxc6 12. c3 Bh3 13. Nh4 Bg4 14.
Nxg6 Bxd1 15. Nxf8 Rxf8 16. Raxd1 Re8 17. Rfe1 d5 18. exd5 cxd5 19. Bxd5
Rd8 20. Rxe5 Kh7 21. Be4+ g6 22. Re7 Rg8 23. Rxc7 Rg7 24. Rxa7 { Black
forfeits on time } 1-0

[Event "ICC tourney 2556 (25 5)"]
[Site "Internet Chess Club"]
[Date "2021.05.09"]
[Round "7"]
[White "HU, ANGELA:K05-16747812"]
[Black "BUCHIREDDY, ARYAN:K05-17330263"]
[Result "1/2-1/2"]
[ICCResult "Game drawn because neither player has mating material"]
[WhiteElo "1237"]
[BlackElo "843"]
[Opening "French: exchange variation"]
[ECO "C01"]
[NIC "FR.01"]
[Time "15:30:59"]
[PlyCount "142"]
[TimeControl "1500+5"]

1. e4 e6 2. d4 d5 3. exd5 exd5 4. c4 Nf6 5. Nf3 Bb4+ 6. Bd2 Bxd2+ 7. Qxd2
Bf5 8. Nc3 O-O 9. Be2 dxc4 10. O-O Be6 11. Ng5 Bd5 12. Nxd5 Qxd5 13. Rac1
h6 14. Nf3 b5 15. Ne5 Ne4 16. Bf3 Nxd2 17. Bxd5 Nxf1 18. Bxa8 Nd2 19. Bd5
c6 20. Nxc6 Nxc6 21. Bxc6 a6 22. Rd1 Rc8 23. Bb7 Rc7 24. Bxa6 Ne4 25. Bxb5
c3 26. bxc3 Nxc3 27. Rd2 Nxb5 28. h3 Rd7 29. d5 Nc3 30. d6 Nb5 31. a4 Rxd6
32. Rxd6 Nxd6 33. a5 Nb5 34. Kf1 Kf8 35. Ke2 Ke7 36. Kd3 Kd6 37. Kc4 Kc6
38. Kb4 Na7 39. f3 Nc8 40. g3 Nd6 41. g4 f5 42. a6 Kb6 43. a7 Kxa7 44. Kc5
fxg4 45. hxg4 Nf7 46. Kd5 Ng5 47. f4 Nh3 48. Ke5 g5 49. f5 h5 50. gxh5 g4
51. f6 g3 52. f7 g2 53. f8=Q g1=Q 54. Qa3+ Kb7 55. Qe7+ Ka6 56. Qe6+ Kb5
57. Qd7+ Kb4 58. Qd4+ Qxd4+ 59. Kxd4 Ng5 60. Ke5 Kc5 61. Kf5 Nh7 62. Kg6
Nf8+ 63. Kf7 Nh7 64. Kg7 Ng5 65. h6 Ne6+ 66. Kf6 Nf8 67. Kf7 Nh7 68. Kg7
Ng5 69. Kg6 Ne6 70. h7 Nf8+ 71. Kg7 Nxh7 { Game drawn because neither
player has mating material } 1/2-1/2

[Event "ICC tourney 2556 (25 5)"]
[Site "Internet Chess Club"]
[Date "2021.05.09"]
[Round "7"]
[White "T MARSHALLECK, DAVID:K05-16371805"]
[Black "A FONSECA, ZURIEL:K05-17280892"]
[Result "0-1"]
[ICCResult "White checkmated"]
[WhiteElo "913"]
[BlackElo "208"]
[Opening "Four knights: Italian variation"]
[ECO "C47"]
[NIC "VO.05"]
[Time "15:31:23"]
[PlyCount "76"]
[TimeControl "1500+5"]

1. e4 Nc6 2. Nf3 Nf6 3. Nc3 e5 4. Bc4 d5 5. exd5 Bd6 6. dxc6 bxc6 7. O-O
Bd7 8. d4 O-O 9. dxe5 Bxe5 10. Nxe5 Bf5 11. Qf3 Be6 12. Bxe6 Qe7 13. Qg3
Qxe6 14. Bh6 Ne8 15. Rfe1 Qxh6 16. Rad1 Nf6 17. Nxc6 Nh5 18. Qf3 g5 19. Qg4
f5 20. Qc4+ Kh8 21. Qd4+ Ng7 22. Rd3 Qxc6 23. Qe3 Rae8 24. Qd2 Ne6 25. b4
Nf4 26. f3 Nxd3 27. cxd3 Rxe1+ 28. Qxe1 Qb6+ 29. Kh1 Qd6 30. Ne2 Re8 31.
Qd2 Qc6 32. Ng1 Qd5 33. Qb2+ Qe5 34. Qb3 Qa1 35. Qf7 Qe5 36. Qxc7 Qxc7 37.
Ne2 Rxe2 38. h4 Re1# { White checkmated } 0-1

[Event "ICC tourney 2556 (25 5)"]
[Site "Internet Chess Club"]
[Date "2021.05.09"]
[Round "7"]
[White "XIA, CHENXIANG:K05-16930170"]
[Black "SHANMUGAM, MEERA:K05-16606945"]
[Result "1-0"]
[ICCResult "Black checkmated"]
[WhiteElo "1084"]
[BlackElo "1579"]
[Opening "QGD: Charousek (Petrosian) variation"]
[ECO "D31"]
[NIC "QP.08"]
[Time "15:31:23"]
[PlyCount "93"]
[TimeControl "1500+5"]

1. d4 d5 2. c4 e6 3. Nc3 Be7 4. Nf3 Nf6 5. cxd5 exd5 6. Bf4 O-O 7. e3 Bf5
8. Bd3 Bxd3 9. Qxd3 Nbd7 10. O-O c5 11. Qf5 Nb6 12. dxc5 Bxc5 13. Rad1 Qe7
14. Be5 Rfd8 15. Nd4 Nbd7 16. Bf4 Nb6 17. Bg5 h6 18. Bxf6 Qxf6 19. Qxf6
gxf6 20. Nf5 Kh7 21. Rd3 Bb4 22. Rfd1 Bxc3 23. Rxc3 Rd7 24. Rd4 Rg8 25. f3
Rg6 26. Kf2 h5 27. g4 hxg4 28. fxg4 Kg8 29. a4 a5 30. Rc5 Kh8 31. b3 Kh7
32. h3 Rg5 33. Rb5 Nc8 34. Rbxd5 Rxd5 35. Rxd5 b6 36. Rd7 Kh8 37. Kf3 Rg6
38. Rxf7 Kg8 39. Rc7 Kh8 40. Rxc8+ Kh7 41. Rb8 Rg8 42. Rb7+ Kg6 43. Ne7+
Kg5 44. Nxg8 Kg6 45. Kf4 b5 46. h4 bxa4 47. h5# { Black checkmated } 1-0